[Event "*** Titled Tuesday 3|2 Blitz"]
[Site "Chess.com"]
[Date "2016.08.02"]
[Round "1"]
[White "GrigorGrigorov"]
[Black "dcremisi"]
[Result "1-0"]
[WhiteElo "2519"]
[BlackElo "2214"]
[TimeControl "180+2"]
[EndTime "11:07:30 PDT"]
[Termination "GrigorGrigorov won on time"]

1. d4 Nf6 2. c4 e6 3. Nc3 Bb4 4. e3 O-O 5. Ne2 b6 6. a3 Be7 7.
e4 Bb7 8. Ng3 d5 9. cxd5 exd5 10.
e5 Ne4 11. Bd3 Nxc3 12. bxc3 Ba6 13. O-O Bxd3 14. Qxd3 c5 15. Nf5 Nc6 16. Qg3 g6 17. Nxe7+ Qxe7 18. Bg5 Qe6 19. Rad1 cxd4 20. cxd4 Ne7 21.
Bf6 Nf5 22. Qf4 h6 23. g4 Ng7 24. Rd3 g5 25. Qg3 Ne8 26. Rf3 Rc8 27. h4 Rc4 28. Rd1 Rc6 29. hxg5 hxg5 30. Rf5 Nxf6 31.
Rxg5+ Kh8 32. exf6 Qxf6 33. Qh4+ Qh6 34. Rh5 Kh7 35.
Rxh6+ 1-0

[Event "*** Titled Tuesday 3|2 Blitz"]
[Site "Chess.com"]
[Date "2016.08.02"]
[Round "1"]
[White "ruifeng"]
[Black "Evgeny_Levin"]
[Result "0-1"]
[WhiteElo "2314"]
[BlackElo "2657"]
[TimeControl "180+2"]
[EndTime "11:07:31 PDT"]
[Termination "Evgeny_Levin won by resignation"]

1. b3 b6 2. Bb2 Bb7 3. d4 e6 4.
Nc3 Nf6 5. Qd2 Bb4 6. f3 d5 7.
e3 Nbd7 8. Nge2 c5 9. a3 Ba5 10.
O-O-O Rc8 11. Kb1 a6 12. g4 O-O 13. h4 cxd4 14. exd4 b5 15. h5 b4 16. axb4 Bxb4 17.
g5 Ne8 18. Qe3 Nd6 19. g6 Nf5 20. gxf7+ Rxf7 21. Qd3 Nf8 22. Bh3 Kh8 23. Nf4 Qc7 24. Ng6+ Kg8 25. Ne5 Bxc3 26. Nxf7 Bxb2 27. Bxf5 Bc3 28.
Ng5 exf5 29. Qxf5 Qa5 30. Qf7+ Kh8 0-1

[Event "*** Titled Tuesday 3|2 Blitz"]
[Site "Chess.com"]
[Date "2016.08.02"]
[Round "1"]
[White "RamonManon0g"]
[Black "1stSecond"]
[Result "1-0"]
[WhiteElo "2239"]
[BlackElo "2531"]
[TimeControl "180+2"]
[EndTime "11:07:31 PDT"]
[Termination "RamonManon0g won by resignation"]

1. d4 Nf6 2. c4 c5 3. d5 b5 4.
cxb5 a6 5. bxa6 g6 6. Nc3 Bg7 7.
e4 O-O 8. Nf3 Qa5 9. e5 Ne4 10.
Qc2 Nxc3 11. bxc3 Bxa6 12. Bxa6 Nxa6 13. O-O Nc7 14. c4 Rfb8 15. Bg5 Kf8 16. Rab1 h6 17. Bxe7+ Kxe7 18. d6+ Kd8 19. dxc7+ Kxc7 20. Qd3 Bf8 21.
Rbd1 Rd8 22. Qd5 Qa6 23. Qxf7 Qe6 24. Qf4 Ra4 25. Nd2 Be7 26. Qe4 g5 27. Rb1 Qc6 28. Qh7 Re8 29. Ne4 Rxc4 30. f3 Rd4 31. Nc3 Rb4 32.
Qf7 Qe6 33. Qxe8 c4 34. Qxe7 Qxe7 35. Nd5+ Kd8 36. Nxe7 1-0

[Event "*** Titled Tuesday 3|2 Blitz"]
[Site "Chess.com"]
[Date "2016.08.02"]
[Round "1"]
[White "Saitama_Hero"]
[Black "aspired"]
[Result "1-0"]
[WhiteElo "2202"]
[BlackElo "2449"]
[TimeControl "180+2"]
[EndTime "11:07:40 PDT"]
[Termination "Saitama_Hero won by resignation"]

1. d4 Nf6 2. c4 e6 3. Nc3 Bb4 4. f3 c5 5. a3 Bxc3+ 6. bxc3 O-O 7. e4 d6 8. d5 Re8 9. Ne2 a6 10. a4 Qa5 11. g4 exd5 12. cxd5 Nxe4 13. fxe4 Rxe4 14. Qd3 Re8 15. Bh3 Nd7 16. Bf4 Nf6 17. O-O Bxg4 18. Bxg4 Nxg4 19. Bxd6 Rad8 20. Bf4 c4 21.
Qf3 Nf6 22. d6 Nd5 23. Bg3 f6 24. Nd4 Qxc3 25. Qxd5+ Kh8 26. Rae1 Rxe1 27. Rxe1 h5 28. d7 Kh7 29. Qxh5+ Kg8 30. Re8+ 1-0

[Event "*** Titled Tuesday 3|2 Blitz"]
[Site "Chess.com"]
[Date "2016.08.02"]
[Round "1"]
[White "alturas_pacificas"]
[Black "TyIerDurden"]
[Result "1/2-1/2"]
[WhiteElo "2141"]
[BlackElo "2459"]
[TimeControl "180+2"]
[EndTime "11:07:41 PDT"]
[Termination "Game drawn by agreement"]

1. d4 d5 2. Bf4 c6 3. e3 Nf6 4. Nd2 Bf5 5. c4 Nbd7 6. Qb3 Qb6 7. c5 Qxb3 8. axb3 e6 9. h3 Be7 10. b4 a6 11. Ngf3 O-O 12. Nb3 Rfe8 13. Na5 Ra7 14. Be2 Nh5 15. Bh2 Nhf6 16. O-O Bd8 17. Ne5 Bxa5 18. bxa5 Nxe5 19. Bxe5 Nd7 20. Bd6 f6 21.
Ra4 e5 22. Bg4 Be6 23. Bxe6+ Rxe6 24. Rb4 exd4 25. Rxd4 Kf7 26. Rfd1 g5 27. R1d3 Ne5 28. Rb3 Nc4 29. Bb8 Ra8 30. Rxb7+ Re7 31. Rxe7+ Kxe7 32. Bc7 Kd7 33. Bb6 Nxb2 34. e4 Ke6 35. exd5+ cxd5 36. c6 Kd6 37. c7 Kc6 38. f4 Nc4 39. fxg5 fxg5 40.
Kf2 Nd6 41. Kf3 1/2-1/2

[Event "*** Titled Tuesday 3|2 Blitz"]
[Site "Chess.com"]
[Date "2016.08.02"]
[Round "1"]
[White "Kawhi_Leonard2"]
[Black "Sven_Tica"]
[Result "0-1"]
[WhiteElo "2083"]
[BlackElo "2429"]
[TimeControl "180+2"]
[EndTime "11:07:47 PDT"]
[Termination "Sven_Tica won by resignation"]

1. e4 c5 2. Nf3 Nf6 3. d4 Nxe4 4. dxc5 Nxc5 5. Nc3 Nc6 6. g3 g6 7. Bg2 Bg7 8. Be3 Qa5 9. Qd2 O-O 10. h4 h5 11. Bh6 d6 12. Bxg7 Kxg7 13. O-O-O Be6 14.
Kb1 Ne4 15. Qe3 Nxc3+ 16. Qxc3+ Qxc3 17. bxc3 Rfc8 18. Nd4 Nxd4 19. cxd4 Rc4 20. Rhe1 Kf8 21. Re3 Rac8 22. Rd2 b6 23. Be4 Ra4 24. d5 Bd7 25. Bd3 e5 26. dxe6 Bxe6 27. c4 Rb4+ 28. Ka1 Bxc4 29.
Bxc4 Rcxc4 30. a3 Rd4 31. Red3 Rxd3 32. Rxd3 Ra4 33. Rxd6 Rxa3+ 34. Kb2 Rf3 35. Rd2 Ke7 36. Ka2 f6 37. Kb2 g5 38. hxg5 fxg5 39. Kc1 h4 40. gxh4 gxh4 41. Rd4 h3 42. Rh4 Kd6 43. Kd1 Rxf2 44. Rxh3 Kc5 45. Kc1 Rf4 46. Kb2 a5 47.
Rh5+ Kb4 48. Rh6 b5 49. Ka1 Ka4 50. Rh3 b4 51. Rg3 Rf2 52. Rh3 b3 53. Rh1 Kb4 54. Rh4+ Kc3 55. Rh1 a4 56. Kb1 Rf3 57. Rc1+ Kb4 58.
Rg1 Kc3 59. Rh1 Kd2 60. Rh4 a3 61. Rh2+ Ke1 62. Rg2 Rd3 63. Rg1+ Kf2 64. Rh1 Rg3 65. Rh2+ Rg2 0-1

[Event "*** Titled Tuesday 3|2 Blitz"]
[Site "Chess.com"]
[Date "2016.08.02"]
[Round "1"]
[White "saraswathii"]
[Black "chipmunknau"]
[Result "0-1"]
[WhiteElo "2090"]
[BlackElo "2432"]
[TimeControl "180+2"]
[EndTime "11:07:49 PDT"]
[Termination "chipmunknau won by resignation"]

1. e4 c6 2. d3 d5 3. Nd2 g6 4.
Ngf3 Bg7 5. g3 e5 6. Bg2 Ne7 7. O-O O-O 8. Re1 Qc7 9. Qe2 d4 10. a4 a5 11. h4 h6 12. Nf1 b5 13.
axb5 cxb5 14. c3 dxc3 15. bxc3 Be6 16. Bb2 Nd7 17. d4 Bc4 18. Qd2 Rfd8 19. Ne3 Nb6 20.
Ng4 h5 21. Ne3 Na4 22. Nxc4 Qxc4 23. Bf1 Qb3 24. Ba3 b4 25. cxb4 Qxf3 26. b5 Rxd4 27. Qc2 Rc8 28. Qa2 Bf8 29. Be2 Qxe4 30. Bc4 Qf5 31.
Bb3 Nc3 32. Qb2 Nxb5 33. Bxf7+ Qxf7 34. Qb4 axb4 0-1

[Event "*** Titled Tuesday 3|2 Blitz"]
[Site "Chess.com"]
[Date "2016.08.02"]
[Round "1"]
[White "Nadtkins"]
[Black "shivakaka"]
[Result "1-0"]
[WhiteElo "2457"]
[BlackElo "2120"]
[TimeControl "180+2"]
[EndTime "11:07:53 PDT"]
[Termination "Nadtkins won on time"]

1. Nf3 g6 2. d4 Bg7 3. e4 d6 4. c3 Nf6 5. Bd3 O-O 6. h3 Nfd7 7. Bg5 c5 8. d5 Ne5 9. Nxe5 Bxe5 10. Bh6 Bg7 11. Bxg7 Kxg7 12. O-O a6 13. a4 Nd7 14.
f4 Rb8 15. Na3 e6 16. dxe6 fxe6 17. Qd2 Nf6 18. Rae1 d5 19. e5 Ne8 20. Nc2 Bd7 21.
b3 Qb6 22. c4 d4 23. Rb1 Bc6 24. a5 Qd8 25. b4 cxb4 26. Qxb4 Kh8 27. Qb6 Ng7 28.
Nxd4 Qh4 29. Nxc6 Rbc8 30. Qxb7 Nh5 31. Qe7 1-0

[Event "*** Titled Tuesday 3|2 Blitz"]
[Site "Chess.com"]
[Date "2016.08.02"]
[Round "1"]
[White "chito89"]
[Black "lukas_111111"]
[Result "0-1"]
[WhiteElo "2507"]
[BlackElo "2272"]
[TimeControl "180+2"]
[EndTime "11:07:56 PDT"]
[Termination "lukas_111111 won by resignation"]

1. d4 Nf6 2. c4 g6 3. Nc3 Bg7 4. e4 d6 5. Nf3 O-O 6. h3 e5 7. d5 Nh5 8. g3 Qe8 9. Nh4 f5 10. exf5 gxf5 11. Be2 Nf6 12. Qc2 Na6 13. Be3 Nb4 14. Qd2 f4 15. gxf4 exf4 16. Bd4 Ne4 17. Nxe4 Qxe4 18. Rg1 Qxd4 19. Qxb4 Kh8 20. Nf3 Qxb2 21.
Qxb2 Bxb2 22. Rb1 Bc3+ 23. Kd1 Bxh3 24. Rxb7 Rab8 25. Rxb8 Rxb8 26. Bd3 Bf6 27. Ng5 Bxg5 28. Rxg5 Rg8 29. Rxg8+ Kxg8 30. Ke2 Bg4+ 31. f3 Bd7 32. Kd2 Kg7 33. Bf1 Kf6 34. Kd3 Bf5+ 35. Kd4 h5 36. a4 h4 37. a5 h3 38. c5 h2 39.
Bg2 a6 40. Bh1 Kg5 0-1

[Event "*** Titled Tuesday 3|2 Blitz"]
[Site "Chess.com"]
[Date "2016.08.02"]
[Round "1"]
[White "Genghis_K"]
[Black "ChessNinja48"]
[Result "1-0"]
[WhiteElo "2698"]
[BlackElo "2336"]
[TimeControl "180+2"]
[EndTime "11:08:05 PDT"]
[Termination "Genghis_K won by resignation"]

1. e4 e5 2. Nf3 Nc6 3. Bb5 a6 4. Ba4 Nf6 5. O-O Be7 6. Re1 b5 7. Bb3 d6 8. c3 O-O 9. h3 Nb8 10. d4 Nbd7 11. Nbd2 Bb7 12. Bc2 Re8 13. Nf1 g6 14.
Ng3 Bf8 15. Bg5 Bg7 16. Qd2 Qe7 17. a4 c6 18. Bh6 Qf8 19. Bxg7 Qxg7 20. b4 Nb6 21. Bb3 Nxa4 22. Bxa4 bxa4 23. Rxa4 Rad8 24. dxe5 dxe5 25. Qe3 Qf8 26. Ra5 Qd6 27. Qg5 Nd7 28. Nf5 Qf6 29. Qg3 Kh8 30. Nh6 Re7 31. Nxe5 c5 32.
Nxd7 Rdxd7 33. Ng4 Qe6 34. Rxc5 h5 35. Ne5 Rd2 36.
Qf4 Kg7 37. Qxd2 Qf6 38. Nf3 Bxe4 39. Qd4 Bxf3 40. Rxe7 1-0

[Event "*** Titled Tuesday 3|2 Blitz"]
[Site "Chess.com"]
[Date "2016.08.02"]
[Round "1"]
[White "calemcc"]
[Black "Iball95"]
[Result "0-1"]
[WhiteElo "2119"]
[BlackElo "2457"]
[TimeControl "180+2"]
[EndTime "11:08:08 PDT"]
[Termination "Iball95 won by checkmate"]

1. d4 Nf6 2. c4 e6 3. Nf3 c5 4. e3 a6 5. Nc3 d5 6. cxd5 exd5 7. Be2 Nc6 8. O-O Be6 9. b3 Be7 10. Ba3 cxd4 11. Bxe7 Qxe7 12. Nxd4 O-O 13. Rc1 Rac8 14. Bf3 Rfd8 15. Qd2 h6 16. Rfd1 Ne5 17. Be2 Qa3 18. Na4 Ne4 19. Qb2 Qxb2 20. Nxb2 Nc3 21.
Re1 Nxa2 22. Ra1 Nc3 23. Bf1 Kf8 24. Rec1 Ne4 25. Nd3 Nxd3 26. Bxd3 Ke7 27. Kf1 Kd6 28. Ke2 Bd7 29. f3 Nc5 30. Kd2 g6 31. Be2 Ne6 32.
Nc2 Rc7 33. Nb4 Rdc8 34. g3 Nc5 35. Bd1 Bb5 36. Rc3 Ne4+ 37. fxe4 Rxc3 38. exd5 R3c5 39. e4 Re8 40. Bf3 h5 41. h3 Rec8 42. g4 Rc3 43.
Bd1 Rxh3 44. gxh5 gxh5 45. Nc2 Rh2+ 46. Ke3 Rcxc2 47. Bxc2 Rxc2 48. Rh1 Rc3+ 49. Kd4 Rd3# 0-1

[Event "*** Titled Tuesday 3|2 Blitz"]
[Site "Chess.com"]
[Date "2016.08.02"]
[Round "1"]
[White "WanderingPuppet"]
[Black "MinhGTrAn"]
[Result "0-1"]
[WhiteElo "2258"]
[BlackElo "2582"]
[TimeControl "180+2"]
[EndTime "11:08:14 PDT"]
[Termination "MinhGTrAn won by checkmate"]

1. e4 c5 2. Nf3 d6 3. d4 cxd4 4. Nxd4 Nf6 5. Nc3 a6 6. Be3 e5 7.
Nb3 Be7 8. h3 Be6 9. Qf3 Nbd7 10.
g4 Nb6 11. Rd1 Rc8 12. g5 Nfd7 13. h4 Nc4 14. Bxc4 Rxc4 15. h5 b5 16. g6 hxg6 17. hxg6 Rxh1+ 18. Qxh1 fxg6 19. Qg2 Kf7 20. Kd2 b4 21.
Ne2 Qc7 22. c3 bxc3+ 23. Nxc3 Nf6 24. Rg1 Bg4 25. f3 Bh5 26. Rc1 d5 27. exd5 Bb4 28. Qe2 Nxd5 29. Ke1 Nxc3 30. bxc3 Rxc3 31. Kf2 e4 32. Rxc3 Bxc3 33. Qxa6 Qh2+ 34. Kf1 Qh1+ 35. Bg1 Qxf3+ 36. Bf2 Qh1+ 37. Bg1 Qh3+ 38. Kf2 Qf3# 0-1

[Event "*** Titled Tuesday 3|2 Blitz"]
[Site "Chess.com"]
[Date "2016.08.02"]
[Round "1"]
[White "MateusViageiro"]
[Black "Yaacovn"]
[Result "0-1"]
[WhiteElo "2286"]
[BlackElo "2613"]
[TimeControl "180+2"]
[EndTime "11:08:17 PDT"]
[Termination "Yaacovn won by resignation"]

1. Nf3 Nf6 2. g3 b6 3. Bg2 Bb7 4. O-O g6 5. d4 Bg7 6. c4 e6 7. Nc3 Ne4 8. Qc2 Nxc3 9. Qxc3 O-O 10. b3 c5 11. e3 d6 12. Bb2 Nd7 13. Rfd1 Qc7 14.
Rac1 Nf6 15. Qd2 Be4 16. Nh4 Bxg2 17. Nxg2 Qb7 18. dxc5 Ne4 19. Qe2 Bxb2 20. Qxb2 dxc5 21. h4 Rad8 22. Qc2 e5 23. Rxd8 Rxd8 24. Rd1 Rxd1+ 25. Qxd1 Kg7 26. Qd3 Nf6 27. Ne1 h5 28. f3 e4 29.
fxe4 Qc7 30. Kg2 Qe5 31. Nf3 Qxe4 32. Qxe4 Nxe4 33. Ne5 Kf6 34. Nc6 a5 35. Na7 Nc3 36. a4 Nb1 37. Nc8 Nd2 38. Nxb6 Nxb3 39. Kf3 Ke5 40.
Nd7+ Kd6 41. Nb6 Kc6 42. Nd5 Nd2+ 43. Ke2 Nxc4 44. Nc3 Ne5 45. Ne4 Kd5 46. Nd2 c4 47. Kd1 Kc5 48. Ne4+ Kb4 49. Nd6 Kxa4 50. Kc2 Kb4 51.
Ne4 a4 52. Nc3 a3 53. Nd5+ Kc5 54. Nc3 Ng4 55. Kd2 Kb4 56. Na2+ Kb3 57. Nc3 a2 0-1

[Event "*** Titled Tuesday 3|2 Blitz"]
[Site "Chess.com"]
[Date "2016.08.02"]
[Round "1"]
[White "psv98"]
[Black "stepanosinovsky"]
[Result "1-0"]
[WhiteElo "2607"]
[BlackElo "2269"]
[TimeControl "180+2"]
[EndTime "11:08:23 PDT"]
[Termination "psv98 won by resignation"]

1. Nf3 Nf6 2. g3 g6 3. Bg2 Bg7 4. O-O O-O 5. c4 d6 6. d4 Nbd7 7. Nc3 e5 8. e3 Re8 9. a4 a5 10.
b3 c6 11. Ba3 exd4 12. exd4 Nf8 13. Ra2 Bf5 14. d5 c5 15. Nb5 h6 16. Bc1 g5 17. Re1 Qd7 18. Rae2 Rxe2 19. Rxe2 Ng6 20. Qe1 b6 21. Bb2 Re8 22. Rxe8+ Nxe8 23. Bxg7 Kxg7 24. Qc3+ Kg8 25. h4 f6 26. hxg5 hxg5 27. Nd2 Qe7 28. Nf1 Bd7 29. Ne3 Ng7 30. Qc2 f5 31. Bh3 Qf6 32. Qc3 Qxc3 33. Nxc3 Kf7 34. Nb5 Bxb5 35. cxb5 Kf6 36. Nc4 g4 37. Bg2 Ne5 38. Nxb6 Nd3 39.
Nc4 f4 40. gxf4 Nxf4 41. Nxa5 Nf5 42. Nc4 Nh4 43. Be4 Ne2+ 44. Kf1 Nc3 45. Bh1 Kg5 46.
b6 Kf4 47. b7 Nf3 48. Bxf3 1-0

[Event "*** Titled Tuesday 3|2 Blitz"]
[Site "Chess.com"]
[Date "2016.08.02"]
[Round "1"]
[White "MasterLeif"]
[Black "maheswaran26"]
[Result "0-1"]
[WhiteElo "2354"]
[BlackElo "2030"]
[TimeControl "180+2"]
[EndTime "11:08:26 PDT"]
[Termination "maheswaran26 won by resignation"]

1. e4 e5 2. Nf3 Nc6 3. Bb5 a6 4. Bxc6 dxc6 5. O-O Bg4 6. h3 h5 7. d3 Qf6 8. Be3 Bxf3 9. Qxf3 Qxf3 10. gxf3 Bd6 11. Nd2 Ne7 12. Nc4 Ng6 13. a4 Nh4 14.
Nd2 f6 15. c3 c5 16. d4 cxd4 17. cxd4 exd4 18. Bxd4 O-O-O 19. Be3 g5 20. Rac1 Bb4 21.
Nc4 Nxf3+ 22. Kg2 Nh4+ 23. Kg1 Kb8 24. e5 Nf3+ 25. Kg2 Nxe5 26. Nxe5 fxe5 27. Bxg5 Rhg8 28. h4 Bd2 29. Rcd1 Bxg5 30. hxg5 Rxg5+ 31. Kf3 Rxd1 32. Rxd1 b6 33. Ke4 Kb7 34. Rh1 a5 35. b3 Kc6 36.
Rc1+ Kd6 37. Rd1+ Ke6 38. f3 Rf5 39. Rc1 Rf4+ 40. Ke3 c5 41. Rg1 Rb4 42. Rh1 h4 43. Kd2 Rxb3 44. Rxh4 Rb4 45. Rh6+ Kd5 46. Kc3 Rxa4 47.
Rxb6 Ra3+ 48. Kb2 Rxf3 49. Ra6 Rf2+ 50. Kb1 Kd4 51. Rxa5 c4 52. Ra8 e4 53. Rd8+ Kc3 54. Re8 Rf1+ 55. Ka2 Re1 56. Re7 e3 57. Re8 Kd2 58.
Rd8+ Ke2 59. Rc8 Rd1 60. Rxc4 Ke1 61. Kb2 e2 62. Kc2 Kf2 63. Rf4+ Kg3 0-1

[Event "*** Titled Tuesday 3|2 Blitz"]
[Site "Chess.com"]
[Date "2016.08.02"]
[Round "1"]
[White "pedromartinez91"]
[Black "igorkovalenko"]
[Result "1/2-1/2"]
[WhiteElo "2268"]
[BlackElo "2550"]
[TimeControl "180+2"]
[EndTime "11:08:34 PDT"]
[Termination "Game drawn by repetition"]

1. Nf3 d5 2. g3 c6 3. Bg2 Nf6 4. O-O Bg4 5. Ne5 Be6 6. b3 Nbd7 7. Bb2 Qc7 8. f4 h5 9. h3 O-O-O 10. e3 Ne4 11.
Qe1 Nxe5 12. Bxe5 Qd7 13. d3 Nd6 14. Kh2 f6 15. Bd4 Kb8 16. Nd2 Nf5 17. Bb2 Bf7 18. Nf3 e6 19. e4 Nh6 20. e5 f5 21. Ng5 Be7 22. d4 Rc8 23. c4 Rc7 24. c5 b6 25.
b4 Ka8 26. Ba3 Rb8 27. Rb1 Rcb7 28. Nxf7 Nxf7 29. Qe2 bxc5 30. Qxh5 cxb4 31. Qxf7 bxa3 32. Rxb7 Rxb7 33. Qxg7 a5 34. h4 Ka7 35. h5 Qe8 36. Qg6 Qxg6 37. hxg6 Bb4 38. g4 fxg4 39. f5 exf5 40.
Rxf5 Rg7 41. Rf7+ Rxf7 42. gxf7 Kb6 43. Kg3 Kc7 44. Kxg4 Kd8 45. Kf5 Ke7 46. e6 Bc3 47. Ke5 Be1 48. Bf1 Bg3+ 49. Kf5 Bf2 50. Ke5 Bg3+ 51. Kf5 Bf2 52. Ke5 Bh4 53. Kf5 Bf2 54.
Ke5 1/2-1/2

[Event "*** Titled Tuesday 3|2 Blitz"]
[Site "Chess.com"]
[Date "2016.08.02"]
[Round "1"]
[White "cabalista"]
[Black "Tesla37"]
[Result "0-1"]
[WhiteElo "2326"]
[BlackElo "2692"]
[TimeControl "180+2"]
[EndTime "11:08:37 PDT"]
[Termination "Tesla37 won by resignation"]

1. e4 c5 2. Nf3 e6 3. Nc3 a6 4. d4 cxd4 5. Nxd4 Nc6 6. Be2 Qc7 7. O-O Nf6 8. Be3 Be7 9. f4 d6 10. Qe1 O-O 11. Qg3 Nxd4 12. Bxd4 b5 13. a3 Bb7 14.
Bf3 Rac8 15. Rad1 Rfd8 16. Rfe1 Qb8 17. Rd3 Ne8 18. f5 Bf6 19. fxe6 fxe6 20. Bg4 Bxd4+ 21. Rxd4 e5 22. Be6+ Kh8 23. Rd3 Rc7 24. Rf1 Nf6 25. Qh4 Rf8 26. Rdf3 Re7 27. Bf5 Ree8 28. Rh3 h6 29.
Bg6 Qa7+ 30. Kh1 Nxe4 31. Rhf3 Rxf3 32. Rxf3 Nxc3 33. Qe7 Rg8 34. Qf7 Ne2 35. Rf1 Nf4 36. Be4 d5 37. Bf5 Qb6 38. Rxf4 exf4 39. Be6 Rd8 40. Qg6 Qd4 41. h4 Qf6 0-1

[Event "*** Titled Tuesday 3|2 Blitz"]
[Site "Chess.com"]
[Date "2016.08.02"]
[Round "1"]
[White "bugsbunny444"]
[Black "Dr-Bassem"]
[Result "0-1"]
[WhiteElo "2305"]
[BlackElo "2619"]
[TimeControl "180+2"]
[EndTime "11:08:41 PDT"]
[Termination "Dr-Bassem won by resignation"]

1. Nf3 Nf6 2. c4 g6 3. b4 Bg7 4.
Bb2 O-O 5. g3 d6 6. Bg2 e5 7. O-O e4 8. Nd4 Re8 9. Nc3 h5 10. Qc2 c5 11. bxc5 dxc5 12. Nb3 Qe7 13. Nd5 Nxd5 14. Bxg7 Kxg7 15. cxd5 Na6 16. Rac1 b6 17.
Rfe1 Bb7 18. d3 Bxd5 19. Nd2 Nb4 20. Qb2+ Qe5 21. Qxe5+ Rxe5 22. a3 Na2 23. Rc2 exd3 24. Rxa2 Bxa2 25. Bxa8 c4 26. Kf1 c3 27. exd3 Rxe1+ 28. Kxe1 c2 29. Nb3 Bxb3 30. Kd2 Kf6 31. d4 Ke6 32.
Be4 f5 33. Bg2 Kd6 34. h4 b5 35. Bf1 a6 36. Bd3 Kd5 37. Bxc2 Bxc2 38. Kxc2 Kxd4 39.
Kb3 a5 0-1

[Event "*** Titled Tuesday 3|2 Blitz"]
[Site "Chess.com"]
[Date "2016.08.02"]
[Round "1"]
[White "Zlatan56"]
[Black "AdrianaNikolova"]
[Result "1-0"]
[WhiteElo "2616"]
[BlackElo "2278"]
[TimeControl "180+2"]
[EndTime "11:08:44 PDT"]
[Termination "Zlatan56 won by resignation"]

1. Nf3 d5 2. g3 Nf6 3. Bg2 e6 4. O-O Be7 5. c4 O-O 6. d3 Nc6 7. Nc3 b6 8. Bf4 Bb7 9. Rc1 a6 10. Ne5 Nxe5 11. Bxe5 c6 12. cxd5 cxd5 13. Na4 b5 14.
Bc7 Qe8 15. Nc5 Qc6 16. Be5 Bxc5 17. Bxf6 Qb6 18. d4 Bd6 19. Be5 Bxe5 20. dxe5 Rac8 21.
Qd2 Rc4 22. b3 Rxc1 23. Rxc1 Rc8 24. Rxc8+ Bxc8 25. Qc3 Bb7 26. b4 Qc6 27. Qxc6 Bxc6 28. f4 f6 29. Kf2 Kf7 30. Bh3 Bd7 31. Ke3 g5 32. Kd4 gxf4 33. gxf4 fxe5+ 34. Kxe5 Ke7 35. e3 Bc8 36. Bg4 h6 37. h4 Bd7 38. f5 exf5 39. Bxf5 Bc6 40. Bc8 Kd8 41. Be6 Ke7 42. Bxd5 Bd7 43.
Bb7 Be6 44. a3 Bc4 45. Bxa6 Kd7 46. a4 Kc7 47. Bxb5 Bb3 48. a5 Kb7 49. Kd6 Ka7 50. e4 Bc2 51. e5 1-0

[Event "*** Titled Tuesday 3|2 Blitz"]
[Site "Chess.com"]
[Date "2016.08.02"]
[Round "1"]
[White "AdamHunt1"]
[Black "eltenedor"]
[Result "0-1"]
[WhiteElo "2364"]
[BlackElo "2041"]
[TimeControl "180+2"]
[EndTime "11:08:47 PDT"]
[Termination "eltenedor won by resignation"]

1. e4 d5 2. exd5 Nf6 3. d4 Nxd5 4. c4 Nb6 5. Nf3 g6 6. Be2 Bg7 7. Be3 c5 8. O-O cxd4 9. Nxd4 O-O 10. Nc3 Nc6 11.
Nxc6 bxc6 12. Qc2 Bf5 13. Qb3 Rb8 14. Qa3 Qc7 15. Bc5 Rfe8 16. Rad1 Be6 17. Qa6 Qb7 18.
Qxb7 Rxb7 19. Bf3 Rc8 20. Bxb6 axb6 21. Be2 Bxc3 22. bxc3 Ra8 23. Rd2 Ra3 24. Rc1 Rba7 25. Rcc2 R7a4 26. c5 b5 27. c4 Bxc4 28. Bxc4 Rxc4 29.
Rxc4 bxc4 30. f3 Ra5 31. Kf2 Rxc5 32. Ke3 e5 33. Rc2 Kg7 34. Ke2 Kf6 35. Kd2 Ke6 36. Kc3 Ra5 37. Kb4 Ra6 38. a4 f5 39. Rxc4 Kd5 40.
Rc5+ Kd4 41. Rc4+ Kd5 42. Rc2 e4 43. Rd2+ Ke5 44. fxe4 fxe4 45. a5 e3 46. Ra2 Kd4 47. Kb3 Kd3 48. Kb4 e2 49. Ra3+ Kd2 50. Ra2+ Ke3 51.
Ra1 Kf2 52. Kc5 e1=Q 53. Rxe1 Kxe1 54. Kd6 Rxa5 55. Kxc6 Rf5 56. Kd6 Kf2 57. Ke6 Kxg2 58. h4 Kf3 0-1

[Event "*** Titled Tuesday 3|2 Blitz"]
[Site "Chess.com"]
[Date "2016.08.02"]
[Round "1"]
[White "DanielNaroditsky"]
[Black "Usurpov"]
[Result "1/2-1/2"]
[WhiteElo "2674"]
[BlackElo "2332"]
[TimeControl "180+2"]
[EndTime "11:08:56 PDT"]
[Termination "Game drawn by repetition"]

1. d4 Nf6 2. Bf4 g6 3. Nc3 Bg7 4. e4 d6 5. Be2 O-O 6. Nf3 Bg4 7. O-O Nc6 8. d5 Nb8 9. h3 Bxf3 10. Bxf3 c6 11. e5 dxe5 12. Bxe5 Nxd5 13. Bxg7 Kxg7 14. Nxd5 cxd5 15. Bxd5 Nc6 16. c3 e6 17. Bxc6 bxc6 18. Qa4 Qb6 19. Qc2 Rfd8 20. Rad1 Rd5 21. c4 Rxd1 22. Rxd1 Rd8 23. Qc3+ f6 24. Rxd8 Qxd8 25. Qa3 Qd1+ 26. Kh2 Qd4 27. Qe7+ Kh6 28. Qf8+ Kg5 29. Qe7 Qf4+ 30. Kh1 Qc1+ 31. Kh2 Qf4+ 32. Kg1 Qc1+ 33. Kh2 Qf4+ 34. Kg1 Qc1+ 35. Kh2 Qf4+ 36. Kg1 Qc1+ 37. Kh2 Qf4+ 1/2-1/2

[Event "*** Titled Tuesday 3|2 Blitz"]
[Site "Chess.com"]
[Date "2016.08.02"]
[Round "1"]
[White "DiamondCrusher22"]
[Black "MyleneFarmer"]
[Result "0-1"]
[WhiteElo "1856"]
[BlackElo "2352"]
[TimeControl "180+2"]
[EndTime "11:09:02 PDT"]
[Termination "MyleneFarmer won by resignation"]

1. e4 c5 2. Nf3 d6 3. c3 Nf6 4.
Be2 g6 5. O-O Bg7 6. Re1 O-O 7.
Bf1 Nc6 8. d3 e5 9. Nbd2 d5 10.
exd5 Nxd5 11. Nc4 Re8 12. a4 Bg4 13. h3 Bf5 14. Qb3 Rb8 15. Bg5 f6 16. Bh4 Be6 17.
Rad1 Qc7 18. Bg3 Rbd8 19. d4 cxd4 20. cxd4 Nb6 21. Rc1 Qf7 22. Qb5 Nxc4 23. Bxc4 a6 24. Bxe6 Rxe6 25. Qb3 Nxd4 26. Nxd4 Rxd4 27. Rc8+ Bf8 28.
Rec1 Red6 29. Qf3 Rd8 30. R1c7 R8d7 31. Qxb7 Kg7 32. Rxd7 Qxd7 33. Qxd7+ Rxd7 34. Ra8 Rd6 35. f4 Rd1+ 36. Kh2 e4 37. Bf2 Bd6 38. Ra7+ Kf8 39. g3 Rd2 40. Kg1 Rxf2 41. Kxf2 Bc5+ 0-1

[Event "*** Titled Tuesday 3|2 Blitz"]
[Site "Chess.com"]
[Date "2016.08.02"]
[Round "1"]
[White "MattyDPerrine"]
[Black "MaestroASK"]
[Result "1/2-1/2"]
[WhiteElo "2217"]
[BlackElo "2493"]
[TimeControl "180+2"]
[EndTime "11:09:07 PDT"]
[Termination "Game drawn by repetition"]

1. d4 d6 2. Nf3 g6 3. g3 Bg7 4. Bg2 e5 5. O-O f6 6. e4 Nd7 7. b3 Nh6 8. Bb2 O-O 9. Nbd2 Nf7 10. Re1 Re8 11. Bh3 Qe7 12. d5 Nf8 13. Bxc8 Rexc8 14. Nh4 Nd7 15. b4 Rf8 16. Nb3 Ng5 17. Qd3 Nb6 18. a4 Qd7 19. a5 Nc8 20. f3 Ne7 21. c4 f5 22. Rf1 fxe4 23. fxe4 Qg4 24. Nd2 Nh3+ 25. Kg2 Nf4+ 26. Rxf4 exf4 27. Bxg7 Kxg7 28.
Nhf3 fxg3 29. hxg3 Kg8 30. c5 Rf7 31. Rh1 Raf8 32.
Rh4 Qd7 33. Qd4 Qb5 34. Kf2 dxc5 35. Qxc5 Qd3 36. Qe3 Qc2 37. Rf4 Rxf4 38. gxf4 Qb2 39. Qc5 Rf7 40. Kg3 b6 41. axb6 cxb6 42. Qd4 Qxd4 43.
Nxd4 Nc8 44. e5 Rc7 45. Ne4 Rc4 46. Nf6+ Kf7 47. Nc6 Ne7 48. Nd8+ Kg7 49. Ne6+ Kf7 50. Nd8+ Kf8 51. Ne6+ Kf7 52. Nd8+ 1/2-1/2

[Event "*** Titled Tuesday 3|2 Blitz"]
[Site "Chess.com"]
[Date "2016.08.02"]
[Round "1"]
[White "HansCoolNiemann"]
[Black "platy3"]
[Result "0-1"]
[WhiteElo "2331"]
[BlackElo "2697"]
[TimeControl "180+2"]
[EndTime "11:09:08 PDT"]
[Termination "platy3 won by checkmate"]

1. d4 Nf6 2. c4 g6 3. f3 Bg7 4. e4 d6 5. Ne2 O-O 6. Be3 Nbd7 7. Nec3 c5 8. d5 Ne5 9. Be2 e6 10. O-O exd5 11. cxd5 a6 12. a4 Rb8 13. Na3 Re8 14. Qd2 Bd7 15. h3 Bc8 16. f4 Ned7 17. Bf3 Qc7 18. Rac1 b6 19. g4 h6 20. Bg2 Bb7 21.
Nc4 Ba8 22. Na3 Nh7 23. Qd3 b5 24. axb5 axb5 25. Ncxb5 Qb6 26. b4 Qa6 27. bxc5 Nxc5 28. Bxc5 dxc5 29. Qc4 g5 30. e5 gxf4 31. e6 fxe6 32.
dxe6 Bxg2 33. Kxg2 Qc6+ 34. Rf3 Ng5 35. Qxf4 Rxb5 36.
Nxb5 Rf8 37. Nd4 Qa8 38. Qxf8+ Bxf8 39. Rf1 cxd4 40. h4 Nxf3 41. Rxf3 Be7 42. Kg3 Qe4 43.
h5 Bd6+ 44. Kg2 Qe2+ 45. Kg1 Qxf3 46. g5 hxg5 47. h6 Qe2 48. h7+ Kxh7 49. e7 Bh2+ 50.
Kh1 Bg3 51. e8=Q Qf3+ 52. Kg1 Qf2+ 53. Kh1 Qh2# 0-1